 Dungeon Sprint DCSS version 0.28-a0-313-gbc0475efdd (webtiles) character file.

Game seed: 16066418068645373643

373 Ankalagon the Basher (level 6, -7/40 HPs)
             Began as a Palentonga Fighter on Aug 31, 2021.
             Mangled by a neqoxec (9 damage)
             ... in the Dungeon (Sprint II: "The Violet Keep of Menkaure").
             The game lasted 00:00:42 (112 turns).

Ankalagon the Basher (Palentonga Fighter)            Turns: 112, Time: 00:00:42

Health: -7/40      AC:  6    Str: 20    XL:     6   Next: 43%
Magic:  5/5        EV:  7    Int:  8    God:
Gold:   243        SH: 10    Dex: 11    Spells: 5/5 levels left

rFire   . . .      SeeInvis +   a - +0 flail
rCold   . . .      Faith    .   c - +0 kite shield
rNeg    . . .      Spirit   .   b - +0 scale mail
rPois   .          Reflect  .   (no helmet)
rElec   .          Harm     .   (no cloak)
rCorr   .          Rampage  .   (no gloves)
Will    .....      Rnd*Rage +   (no barding) Stlth ..........NoTele +
                                (no amulet)
HPRegen 0.13/turn               (no ring)
MPRegen 0.09/turn               (no ring)

@: on berserk cooldown, slowed, very slow
A: large, rugged brown scales 3, see invisible, deformed body, roll 1, armoured
tail, berserk 1, frail 2, low mp 1, no potion heal 1
a: Rolling Charge


You were in the Dungeon.
You visited 1 branch You collected 243 gold pieces.

Inventory:

Hand Weapons
 a - a +0 flail (weapon)
Armour
 b - a +0 scale mail (worn)
 c - a +0 kite shield (worn)
Scrolls
 j - a scroll of blinking
Potions
 d - a potion of might
 e - a potion of curing
 g - a potion of haste
 h - 2 potions of magic


   Skills:
 - Level 3.0 Fighting
 + Level 10.0 Maces & Flails
 - Level 2.4 Armour
 + Level 8.6 Shields


You had 5 spell levels left.
You didn't know any spells.
Your spell library was empty.

Dungeon Overview and Level Annotations

Branches:
Dungeon (1/1)

Altars:


Innate Abilities, Weirdness & Mutations

You are completely covered in rugged brown scales. (AC +3, +7% HP)
You have supernaturally acute eyesight. (SInv)
Armour fits poorly on your strangely shaped body.
You can roll at nearby foes to attack.
You have a long armoured tail.
You tend to lose your temper in combat.
You are very frail. (-20% HP)
Your magical capacity is low. (-10% MP)
Potions are less effective at restoring your health.


Message History

The neqoxec gestures at you.
Something tries to feed on your intellect!
The neqoxec gestures at you.
Something tries to feed on your intellect!
You closely miss the neqoxec.
The neqoxec is almost dead.
You block the neqoxec's attack.
You miss the neqoxec.
The neqoxec is almost dead.
The neqoxec hits you. The neqoxec barely misses you.
Unknown command.
Unknown command.
Your system partially rejects the healing.
You feel much better. The neqoxec hits you.
You miss the neqoxec.
Your tail-slap misses the neqoxec.
The neqoxec is almost dead.
The neqoxec hits you. The neqoxec gestures at you.
Strange energies course through your body.
You feel less energetic.
You hit the neqoxec.
Your tail-slap misses the neqoxec.
The neqoxec is almost dead.
The neqoxec hits you.
* * * LOW HITPOINT WARNING * * *
You hit the neqoxec.
You kill the neqoxec!
The neqoxec hits you!
* * * LOW HITPOINT WARNING * * *
You feel your intelligence returning.
Your Maces & Flails skill gained 2 levels and is now at level 10!
Your Shields skill increases to level 8!
You have reached level 6!
Your experience leads to an increase in your attributes!
Increase (S)trength, (I)ntelligence, or (D)exterity?
You feel agile.
Okay, then.
Unknown command.
You closely miss the neqoxec.
Your tail-slap misses the neqoxec.
The neqoxec hits you!
You die...

# #+# .#
##.##.#
+.<@3$#
##.##..#
##+# .#
#†.# #
#..##
##. ##


You could see a neqoxec.

Vanquished Creatures
  3 neqoxecs (D)
  2 worms (D)
5 creatures vanquished.

Vanquished Creatures (others)
  Menkaure (D)
  A water moccasin (D)
2 creatures vanquished.

Grand Total: 7 creatures vanquished

Notes
Turn   | Place    | Note
-------+----------+-------------------------------------------
     0 | D        | Ankalagon the Palentonga Fighter began the quest for the
                  | Orb.
     0 | D        | Reached XP level 1. HP: 19/19 MP: 1/1
     7 | D        | Killed a water moccasin
     9 | D        | Reached skill level 3 in Maces & Flails
     9 | D        | Killed Menkaure
    81 | D        | Noticed a neqoxec
    81 | D        | Noticed a neqoxec
    81 | D        | Noticed a neqoxec
    81 | D        | Noticed a neqoxec
    84 | D        | Gained mutation: Potions are less effective at restoring
                  | your health. [a neqoxec]
    87 | D        | Killed a neqoxec
    87 | D        | Gained mutation: You are frail. (-10% HP) [a neqoxec]
    88 | D        | Reached skill level 7 in Maces & Flails
    88 | D        | Reached XP level 2. HP: 23/23 MP: 2/2
    88 | D        | Reached XP level 3. HP: 28/28 MP: 3/3
    88 | D        | Reached XP level 4. HP: 33/33 MP: 4/4
    92 | D        | Killed a neqoxec
    93 | D        | Reached skill level 8 in Maces & Flails
    93 | D        | Reached XP level 5. HP: 39/39 MP: 5/5
    97 | D        | Gained mutation: You tend to lose your temper in combat. [a
                  | neqoxec]
   103 | D        | Gained mutation: You are very frail. (-20% HP) [a neqoxec]
   109 | D        | Gained mutation: Your magical capacity is low. (-10% MP) [a
                  | neqoxec]
   111 | D        | Killed a neqoxec
   111 | D        | HP: 1/35 [neqoxec (8)]
   112 | D        | Reached skill level 10 in Maces & Flails
   112 | D        | Reached XP level 6. HP: 2/40 MP: 5/5
   112 | D        | Mangled by a neqoxec

Illustrated notes

Levels and vault maps discovered:
D:        the_violet_keep_of_menkaure [sprint2_stairs_cluster_1,
          sprint2_shoproom, sprint2_temple, sprint2_basic_supplies,
          sprint2_obstacle_2, sprint2_obstacle_7, sprint2_obstacle_4,
          sprint2_obstacle_5, sprint2_obstacle_1, sprint2_timed_cluster_1,
          sprint2_smallroom_cluster_1, sprint2_smallroom_final_cluster_1,
          sprint2_transparent_cluster_1, sprint2_second_timed_cluster_1,
          sprint2_sniper_area_1, sprint2_heavy_combat_area_1,
          sprint2_mutation_trap_area_1, sprint2_forest_area_1,
          sprint2_light_combat_area_1, sprint2_behind_water_1,
          sprint2_near_end_vault_1]

Skill      XL: |  1  2  3  4  5 |
---------------+----------------+-----
Shields        | 6 7 8 |  8.6
Maces & Flails | 7 8 10 | 10.0
Fighting       | |  3.0
Armour         | |  2.4

Action                   |  1- 3 |  4- 6 || total
-------------------------+-------+-------++-------
Melee: Flail             |    11 |    24 ||    35
       Tailslap          |     2 |     1 ||     3
  Use: Potion            |     1 |     1 ||     2
Armor: Scale mail        |     4 |     2 ||     6
Dodge: Dodged            |       |     1 ||     1
Block: Kite shield       |     3 |     7 ||    10

Table legend: (Time is in decaauts)
 A = Elapsed time spent in this place.
 B = Non-inter-level travel time spent in this place.
 C = Inter-level travel time spent in this place.
 D = Time resting spent in this place.
 E = Time spent auto-exploring this place.
 F = Levels seen in this place.
 G = Mean time per level.
                   A        B        C        D        E       F      G
               +--------+--------+--------+--------+--------+-----+--------+
         Total |    119 |    119 |      0 |     66 |      0 |   1 |  119.0 |
       Dungeon |    119 |    119 |      0 |     66 |      0 |   1 |  119.0 |
               +--------+--------+--------+--------+--------+-----+--------+

Top non-repeatable levels by time:
       D: 119 daAuts
